 Dungeon Crawl Stone Soup version 0.21.0-3-g78d12a8 (webtiles) character file.

118 Suckerboh the Firebug (level 4, -1/24 HPs)
             Began as a Deep Elf Fire Elementalist on Jan 16, 2018.
             Slain by an orc
             ... wielding a +0 dagger
              (6 damage)
             ... on level 3 of the Dungeon.
             The game lasted 00:03:40 (2204 turns).

Suckerboh the Firebug (Deep Elf Fire Elementalist)  Turns: 2204, Time: 00:03:41

Health: -1/24      AC:  2    Str:  5    XL:     4   Next: 72%
Magic:  4/12       EV: 13    Int: 21    God:
Gold:   33         SH:  0    Dex: 15    Spells: 3/11 levels left

rFire    . . .     SeeInvis .   (no weapon)
rCold    . . .     Gourm    .   (no shield)
rNeg     . . .     Faith    .   a - +0 robe
rPois    .         Spirit   .   (no helmet)
rElec    .         Reflect  .   (no cloak)
rCorr    .         Harm     .   (no gloves)
MR       .....                  (no boots)
Stlth    ++........             (no amulet)
HPRegen  0.08/turn              (no ring)
MPRegen  0.13/turn              (no ring)

@: very slightly contaminated
A: no striking features
a: no special abilities


You were on level 3 of the Dungeon.
You were not hungry.

You visited 1 branch of the dungeon, and saw 3 of its levels.

You collected 33 gold pieces.

Inventory:

Armour
 a - a +0 robe (worn)
 f - a +0 buckler
Jewellery
 o - a cursed amulet of inaccuracy {unknown}
Scrolls
 d - 4 scrolls of remove curse {unknown}
 e - 5 scrolls of identify {unknown}
 g - 2 scrolls of amnesia {unknown}
 h - 2 scrolls of magic mapping {unknown}
 m - 2 scrolls of teleportation {unknown}
 r - a scroll of fear {unknown}
 t - a scroll of noise {unknown}
Potions
 i - a potion of brilliance {unknown}
 j - a potion of curing {unknown}
 k - a potion of might {unknown}
 l - a potion of heal wounds {unknown}
 n - a potion of lignification {unknown}
 p - a potion of degeneration {unknown}
 q - a potion of ambrosia {unknown}
 s - a potion of resistance {unknown}
 u - 2 potions of berserk rage {unknown}
 v - a potion of agility {unknown}
Books
 b - a book of Flames

   Spells                             Type                      Level
   a - Flame Tongue                   Conjuration/Fire             1
   b - Throw Flame                    Conjuration/Fire             2
   c - Conjure Flame                  Conjuration/Fire             3
   d - Inner Flame                    Hexes/Fire                   3
   e - Sticky Flame                   Conjuration/Fire             4
   f - Fireball                       Conjuration/Fire             5
Comestibles
 c - 2 rations
 w - a chunk of flesh


   Skills:
 + Level 2.7 Dodging
 - Level 2.4 Stealth
 + Level 4.3 Spellcasting
 * Level 2.6 Conjurations
 + Level 4.5 Fire Magic


You had 3 spell levels left.
You knew the following spells:

 Your Spells              Type           Power        Failure   Level  Hunger
a - Flame Tongue          Conj/Fire      ###..        2%          1    None
b - Conjure Flame         Conj/Fire      ###.....     8%          3    ##.....
c - Sticky Flame          Conj/Fire      ###.....     26%         4    ####...


Dungeon Overview and Level Annotations

Branches:
Dungeon (3/15)

Altars:
Ashenzari
Dithmenos
Elyvilon
Hepliaklqana
Wu Jian


Message History

Casting: Flame Tongue
Confirm with . or Enter, or press ? or * to list all spells.
Aiming: Flame Tongue
Press: ? - help, Shift-Dir - straight line, f/p - orc
Aim: an orc, wearing a ring mail (moderately wounded)
The flame tongue hits the orc.
The orc is moderately wounded.
The orc barely misses you.
Found a stone staircase leading down.
Found a ring mail.
You hear the brisk rusting of a distant drain.
Casting: Flame Tongue
Confirm with . or Enter, or press ? or * to list all spells.
Aiming: Flame Tongue
Press: ? - help, Shift-Dir - straight line, f/p - orc
Aim: an orc, wearing a ring mail (moderately wounded)
The flame tongue hits the orc.
The orc is severely wounded.
The orc hits you with a dagger.
You die...

........###......#.###.#..
........# ###.........>###
........# #...#.....(###
........# #...#.......##
######### #...........#
###### ##...........##
#.....# ##...<..........
.....[.##o......≈≈≈≈...#
.......@oo.....⌠≈≈≈≈....
................≈≈≈≈....
.........#..............
.........#..............
....>...##..<..#........
.......###.....#..#.....
....... ...... ... .......
.... ##


You could see 3 orcs.

Vanquished Creatures
  4 adders
  A shadow imp (D:3)
  An ooze (D:1)
  5 dart slugs
  4 leopard geckos
  3 orcs (D:3)
  A ball python (D:2)
  4 bats
  2 giant cockroaches (D:1)
  5 goblins
  2 hobgoblins (D:1)
  5 jackals
  A quokka (D:3)
  3 frilled lizards
  6 kobolds
  6 rats
53 creatures vanquished.

Notes
Turn   | Place    | Note
-------+----------+-------------------------------------------
     0 | D:1      | Suckerboh the Deep Elf Fire Elementalist began the quest for the Orb.
     0 | D:1      | Reached XP level 1. HP: 10/10 MP: 6/6
   291 | D:1      | Reached XP level 2. HP: 15/15 MP: 6/8
  1046 | D:2      | Reached XP level 3. HP: 19/19 MP: 5/9
  1124 | D:2      | Found a shadowy altar of Dithmenos.
  1349 | D:2      | Found a shattered altar of Ashenzari.
  1352 | D:2      | Found a white marble altar of Elyvilon.
  1355 | D:2      | Found an ornate altar of the Wu Jian Council.
  1421 | D:2      | Found a hazy altar of Hepliaklqana.
  1799 | D:3      | Reached XP level 4. HP: 24/24 MP: 9/11
  1865 | D:3      | Learned a level 3 spell: Conjure Flame
  1870 | D:3      | Learned a level 4 spell: Sticky Flame
  2204 | D:3      | Slain by an orc

Skill      XL: |  1  2  3  4 |
---------------+-------------+-----
Fire Magic     | 4 |  4.5
Conjurations   | 2 |  2.6
Spellcasting   | 4 |  4.3
Dodging        | |  2.7
Stealth        | |  2.4

Action                   |  1- 3 |  4- 6 || total
-------------------------+-------+-------++-------
Melee: Unarmed           |     3 |     1 ||     4
 Cast: Flame Tongue      |    53 |    42 ||    95
  Eat: Chunk             |     2 |     2 ||     4
Armor: Robe              |     3 |     5 ||     8
Dodge: Dodged            |     7 |    16 ||    23
